 Dungeon Crawl Stone Soup version 0.31-a0-1161-g593ecc88b7 (webtiles) character file.

Game seed: 7317225703543605295

23527 kae the Covert (level 12, -3/89 HPs)
             Began as a Demonspawn Enchanter on Dec 8, 2023.
             Was the Champion of Dithmenos.
             Slain by an eight-headed hydra (12 damage)
             ... on level 2 of the Lair of Beasts.
             The game lasted 00:13:31 (13514 turns).

kae the Covert (Demonspawn Enchanter)              Turns: 13514, Time: 00:13:31

Health: -3/89      AC: 17    Str: 13    XL:     12   Next: 72%
Magic:  2/21       EV: 21    Int: 19    God:    Dithmenos [******]
Gold:   1080       SH: 13    Dex: 29    Spells: 11/24 levels left

rFire   . . .        g - +4 short sword (vamp)
rCold   . . .        r - +1 buckler
rNeg    . . .        d - +4 robe of Augmentation {Str+4 Int+4 Dex+4}
rPois   .            l - +2 hat
rElec   .            (no cloak)
rCorr   .            (no gloves)
SInv    .            (no boots)
Will    .....        j - amulet of reflection
Stlth   +++++++++    E - +5 ring of evasion
HPRegen 0.34/turn    D - +6 ring of dexterity
MPRegen 0.17/turn

%: reflection
@: about to teleport, sanguine armoured, wreathed by umbra
A: spiny 2, sanguine armour 2, demonic magic 2, weakness stinger 1
a: Renounce Religion, Shadow Step, Shadow Form


You were on level 2 of the Lair of Beasts.
You worshipped Dithmenos.
Dithmenos was exalted by your worship.
You visited 2 branches of the dungeon, and saw 13 of its levels.
You also visited: Ossuary.

You collected 1167 gold pieces.
You spent 87 gold pieces at shops.


Innate Abilities, Weirdness & Mutations

You are mostly covered in sharp spines.
When seriously injured, your blood forms thick armour. (AC +9)
Spells you cast may paralyse nearby enemies.
You have a small tail.


   Skills:
 + Level 6.7 Fighting
 * Level 8.9 Short Blades
 + Level 3.1 Armour
 - Level 5.0 Dodging
 * Level 10.0 Stealth
 * Level 3.5 Shields
 + Level 6.5 Spellcasting
 + Level 7.1 Hexes
 * Level 8.8 Ice Magic
 + Level 3.2 Invocations


You had 11 spell levels left.
You knew the following spells:

 Your Spells              Type           Power      Damage    Failure   Level
a - Ensorcelled Hibernat  Hex/Ice        72%        N/A       1%          2
b - Confusing Touch       Hex            33%        N/A       2%          3
c - Tukima's Dance        Hex            33%        N/A       2%          3
d - Dazzling Flash        Conj/Hex       38%        N/A       10%         3
e - Jinxbite              Hex            66%        N/A       1%          2

Your spell library contained the following spells:

 Spells                   Type           Power      Damage    Failure   Level
 Freeze                   Ice            100%       1d10      1%          1
 Ozocubu's Armour         Ice            39%        N/A       1%          3
 Apportation              Tloc           12%        N/A       14%         1
 Foxfire                  Conj/Fire      24%        2x1d5     14%         1
 Magic Dart               Conj           24%        1d4       14%         1
 Metabolic Englaciation   Hex/Ice        18%        N/A       16%         5
 Call Imp                 Summ           12%        N/A       22%         2
 Anguish                  Hex/Necr       9%         N/A       32%         4
 Ignite Poison            Fire/Tmut/Pois 6%         N/A       41%         3
 Mephitic Cloud           Conj/Pois/Air  6%         N/A       41%         3
 Animate Dead             Necr           6%         N/A       82%         4
 Sticky Flame             Conj/Fire      6%         2d3       82%         4
 Simulacrum               Ice/Necr       11%        N/A       98%         6
 Alistair's Intoxication  Tmut/Pois      4%         N/A       99%         5
 Borgnjor's Vile Clutch   Necr/Erth      3%         N/A       99%         5
 Death Channel            Necr           3%         N/A       100%        6
 Plasma Beam              Fire/Air       3%         2x1d13    100%        6
 Starburst                Conj/Fire      3%         6d3       100%        6
 Ignition                 Fire           3%         3d4       100%        8
 Polar Vortex             Ice            19%        12d2*     100%        9

Inventory:

Hand Weapons
 a - a +1 dagger
 g - a +4 vampiric short sword (weapon)
   (You found it on level 1 of the Dungeon)
Missiles
 f - 85 stones
 q - 18 curare-tipped darts {=f}
 t - 45 poisoned darts
 z - 11 boomerangs
 H - a throwing net {=f!f}
 K - 2 javelins
 O - 3 silver javelins
Armour
 b - a +0 robe
 d - the +4 robe of Augmentation (worn) {Str+4 Int+4 Dex+4}
   (You found it on level 2 of the Dungeon)

   Str+4:     It affects your strength (+4).
   Int+4:     It affects your intelligence (+4).
   Dex+4:     It affects your dexterity (+4).
 k - a +1 leather armour
   (You found it on level 1 of the Dungeon)
 l - a +2 hat (worn)
   (You took it off Gastronok on level 2 of the Lair of Beasts)
 r - a +1 buckler (worn)
   (You found it on level 4 of the Dungeon)
 y - the +6 scale mail of Duty {Rampage rF+ Will+}
   (You found it on level 3 of the Dungeon)

   rF+:       It protects you from fire.
   Will+:     It increases your willpower.
   Rampage:   It bestows one free step when moving towards enemies.
 T - the +8 chain mail of the Iron Devil {rElec Regen+}
   (You found it on level 5 of the Dungeon)

   rElec:     It insulates you from electricity.
   Regen+:    It increases your rate of health regeneration.
Magical Staves
 h - a staff of poison {!a}
   (You found it on level 1 of the Dungeon)
 v - a staff of conjuration {!a}
   (You found it on level 3 of the Dungeon)
 F - a staff of poison {!a}
   (You found it on level 6 of the Dungeon)
 V - a staff of poison {!a}
   (You found it on level 9 of the Dungeon)
Jewellery
 j - an amulet of reflection (around neck)
   (You found it on level 1 of the Dungeon)
 D - a +6 ring of dexterity (right hand)
   (You found it on level 9 of the Dungeon)
 E - a +5 ring of evasion (left hand)
   (You found it on level 10 of the Dungeon)
 N - a ring of positive energy
   (You found it on level 2 of the Dungeon)
 R - a ring of resist corrosion
   (You found it on level 7 of the Dungeon)
Wands
 i - a wand of quicksilver (18)
   (You found it on level 2 of the Dungeon)
 I - a wand of charming (26)
   (You found it on level 6 of the Dungeon)
 P - a wand of flame (28)
   (You found it on level 8 of the Dungeon)
 Q - a wand of polymorph (7)
   (You took it off Sonja on level 10 of the Dungeon)
 W - a wand of mindburst (12)
   (You found it on level 10 of the Dungeon)
 Z - a wand of digging (7)
   (You found it on level 1 of the Lair of Beasts)
Scrolls
 c - a scroll of enchant weapon
 s - 2 scrolls of teleportation {@r4}
 A - 2 scrolls of fear
 G - 3 scrolls of fog
 J - a scroll of immolation {!r!r}
 L - 3 scrolls of identify {@r1}
 M - 3 scrolls of noise {!r}
 S - a scroll of poison {!r}
 U - 2 scrolls of revelation
 X - 2 scrolls of vulnerability {!r!r}
Potions
 e - a potion of resistance
 m - 3 potions of lignification {!q}
 n - a potion of magic
 o - 3 potions of attraction {!q}
 p - 3 potions of curing {@q1}
 u - 3 potions of mutation {!q}
 w - a potion of enlightenment
 x - 3 potions of ambrosia
 B - 2 potions of might
 C - 3 potions of brilliance
 Y - a potion of heal wounds {@q2}

Dungeon Overview and Level Annotations

Branches:
Dungeon (11/15) Zot: 25284  Temple (0/1) D:4            Lair (2/5) D:9 Zot: 9932
    Orc (0/2) D:9         Ossuary (visited)
  Swamp: Lair:2-3    Shoals: Lair:2-3     Snake: Lair:2-3    Spider: Lair:2-3

Altars:
Cheibriados
Dithmenos
Fedhas
Gozag
Hepliaklqana
Kikubaaqudgha
Makhleb
Okawaru
Sif Muna
Trog
Vehumet
Wu Jian
Xom
Yredelemnul

Shops:
D:6 *   D:10 [

Annotations:
D:4 Dowan, Duvessa
D:8 exclusion: 5 lindwurms
D:11 4 transporters
Lair:1 2 transporters
Lair:2 exclusion: 3 oklob plants

.##....##..##.##....#......#...#
.##...#.#.......#..........#...#
..#.................#......#..##
.#....#...#.###P...........#...#
#.#...###########...#......#..##
......P######P#P..............##
....................P#..P##....#
..........................<....#
................@.............##
................D..............#
..............................##
.........P##.P.†...............#
........## ###.†.........###...#
.. #......P#...# #..## ..
............. ..... ..
.............. ..## .
.##.......#..


You could see an eight-headed hydra.


Message History

The eight-headed hydra misses you.
The eight-headed hydra bites you but does no damage. x2 😨 HP[-14] MP[-2]
You take 14 damage, and now have 44/89 hp.
You lost 2 mp, and now have 7/21 mp.
Unknown command.
Casting: Ensorcelled Hibernation (safe; 1% risk of failure)
Confirm with . or Enter, or press ? or * to list all spells.
Aiming: Ensorcelled Hibernation (safe; 1% risk of failure)
Press: ? - help, Shift-Dir - straight line, f/p - eight-headed hydra
Aim: an eight-headed hydra (moderately wounded, umbra, chance to affect: 29%)
The eight-headed hydra easily resists.
Malevolent energies surge around you.
Your shadow mimics your spell!
The eight-headed hydra resists with almost no effort.
The eight-headed hydra closely misses you.
You block the eight-headed hydra's attack. x2
The eight-headed hydra barely misses you.
The eight-headed hydra closely misses you.
The eight-headed hydra misses you.
The eight-headed hydra bites you but does no damage.
The eight-headed hydra misses you. 😮 HP[+1] MP[-2]
You lost 2 mp, and now have 5/21 mp.
Unknown command.
Casting: Ensorcelled Hibernation (safe; 1% risk of failure)
Confirm with . or Enter, or press ? or * to list all spells.
Aiming: Ensorcelled Hibernation (safe; 1% risk of failure)
Press: ? - help, Shift-Dir - straight line, f/p - eight-headed hydra
Aim: an eight-headed hydra (moderately wounded, umbra, chance to affect: 29%)
The eight-headed hydra easily resists.
Malevolent energies surge around you.
You block the eight-headed hydra's attack.
The eight-headed hydra closely misses you.
You block the eight-headed hydra's attack.
The eight-headed hydra bites you but does no damage. x2
The eight-headed hydra completely misses you.
The eight-headed hydra barely misses you.
The eight-headed hydra misses you. 😮 MP[-2]
You lost 2 mp, and now have 3/21 mp.
Unknown command.
Casting: Ensorcelled Hibernation (safe; 1% risk of failure)
Confirm with . or Enter, or press ? or * to list all spells.
Aiming: Ensorcelled Hibernation (safe; 1% risk of failure)
Press: ? - help, Shift-Dir - straight line, f/p - eight-headed hydra
Aim: an eight-headed hydra (moderately wounded, umbra, chance to affect: 29%)
The eight-headed hydra easily resists.
Malevolent energies surge around you.
The eight-headed hydra completely misses you.
The eight-headed hydra barely misses you.
The eight-headed hydra bites you but does no damage.
You block the eight-headed hydra's attack.
The eight-headed hydra closely misses you.
The eight-headed hydra completely misses you.
You block the eight-headed hydra's attack.
The eight-headed hydra barely misses you. 😮 MP[-2]
You lost 2 mp, and now have 1/21 mp.
Unknown command.
Casting: Ensorcelled Hibernation (safe; 1% risk of failure)
Confirm with . or Enter, or press ? or * to list all spells.
You don't have enough magic to cast this spell.
As you read the scroll of teleportation {@r4}, it crumbles to dust.
You feel strangely unstable.
The eight-headed hydra closely misses you.
You block the eight-headed hydra's attack. x2
The eight-headed hydra bites you but does no damage.
The eight-headed hydra bites you!
* * * LOW HITPOINT WARNING * * *
The eight-headed hydra bites you but does no damage.
The eight-headed hydra bites you!
* * * LOW HITPOINT WARNING * * *
The eight-headed hydra bites you but does no damage.
The eight-headed hydra attacks as it pursues you!
You block the eight-headed hydra's attack.
The eight-headed hydra completely misses you.
The eight-headed hydra bites you but does no damage.
You block the eight-headed hydra's attack.
The eight-headed hydra barely misses you.
The eight-headed hydra bites you.
* * * LOW HITPOINT WARNING * * *
The eight-headed hydra misses you.
The eight-headed hydra bites you but does no damage. 😱 HP[-23] MP[+1]
You take 23 damage, and now have 22/89 hp.
MASSIVE DAMAGE!! (PAUSE)
The eight-headed hydra attacks as it pursues you!
You block the eight-headed hydra's attack.
The eight-headed hydra bites you!
* * * LOW HITPOINT WARNING * * *
The eight-headed hydra completely misses you. x2
The eight-headed hydra barely misses you.
The eight-headed hydra closely misses you.
The eight-headed hydra misses you. The eight-headed hydra bites you.
* * * LOW HITPOINT WARNING * * *
😱 HP[-14]
You take 14 damage, and now have 8/89 hp.
Unknown command.
The eight-headed hydra attacks as it pursues you!
The eight-headed hydra is struck by your spines.
The eight-headed hydra bites you!
You die...

Skill      XL: |  1  2  3  4  5  6  7  8  9 10 11 12 |
---------------+-------------------------------------+-----
Short Blades   | 1 2 3 4 5 6 8 |  8.9
Stealth        | 3 4 5 7 8 9 10 | 10.0
Fighting       | 1 2 3 4 5 6 |  6.7
Ice Magic      | 1 2 3 4 5 6 8 |  8.8
Dodging        | 2 3 4 5 |  5.0
Armour         | 1 2 3 |  3.1
Spellcasting   | 3 4 5 6 |  6.5
Hexes          | 4 5 6 7 |  7.1
Shields        | 1 3 |  3.5
Invocations    | 1 3 |  3.2

Action                     |  1- 3 |  4- 6 |  7- 9 | 10-12 || total
---------------------------+-------+-------+-------+-------++-------
  Melee: Dagger            |    88 |       |       |       ||    88
         Punch             |     1 |       |     1 |     1 ||     3
         Short sword       |    26 |   122 |   301 |   448 ||   897
         Tailslap          |       |       |    43 |    55 ||    98
   Cast: Ensorcelled Hiber |    10 |     8 |    23 |    65 ||   106
         Confusing Touch   |       |     1 |     6 |     5 ||    12
         Jinxbite          |       |       |     1 |       ||     1
  Evoke: Wand              |       |       |     1 |       ||     1
    Use: Scroll            |     2 |     6 |    14 |     9 ||    31
         Potion            |       |     1 |       |     4 ||     5
   Stab: Sleeping          |    11 |     7 |    19 |    78 ||   115
         Paralysed         |     4 |     5 |    16 |    53 ||    78
         Invisible         |       |     1 |       |     2 ||     3
         Confused          |       |     3 |     1 |     2 ||     6
         Distracted        |       |       |     2 |     2 ||     4
 Armour: Robe              |    63 |    38 |   110 |   173 ||   384
         Skin              |     2 |       |       |       ||     2
  Dodge: Dodged            |    59 |    44 |   146 |   285 ||   534
  Block: Other             |     3 |    19 |    45 |    43 ||   110
         Reflection        |     2 |       |     2 |     2 ||     6
         Buckler           |       |       |       |   129 ||   129

Levels and vault maps discovered:
D:1:      wander_arrival_peaceful_grave, layout_basic
D:2:      layout_rooms, minmay_tromino_v4_a
D:3:      cheibrodos_thug_alley, layout_loops_ring,
          nicolae_sif_muna_little_library, grunt_temple_overflow_open,
          uniq_robin
D:4:      layout_loops_ring, nicolae_vehumet_altar_sigil,
          minmay_temple_entry_mist, chequers_ossuary_entry_cave,
          hangedman_minor_gate_pass, uniq_edmund, uniq_duvessa, uniq_grinder
D:5:      layout_gridville, kennysheep_generic_room_14
D:6:      layout_basic, grunt_gozag_statues, nzn_wu_jian_contemplation,
          serial_shops, nicolae_shop_stone, uniq_eustachio
D:7:      layout_gridville
D:8:      layout_basic, trog_wizard, kiku_gazebo_garden_becter,
          minmay_lindwurm_lava, uniq_amaemon, uniq_grum
D:9:      layout_loops_cross, erik_lair_orcish_takeover, hiddenorc2_lemuel,
          uniq_maurice
D:10:     layout_loops_cross, minitemple, serial_shops,
          nicolae_shop_hallway_stairs, minmay_misc_feat_square, uniq_sonja
D:11:     layout_loops_corners, serial_co_window_serial,
          co_window_of_opportunity_a, co_window_paths_b,
          co_window_of_opportunity_a, co_window_paths_a, co_window_paths_b,
          co_window_corner_ca, co_window_of_opportunity_b,
          co_window_of_opportunity_b, co_window_paths_c, co_window_broadway_a,
          co_window_paths_d, co_window_paths_e, nicolae_transporter_circle
Lair:1:   gammafunk_worm_tunnel, layout_layer_cave
Lair:2:   layout_regular_city, st_stairs_6, minivault_25, disabler_island,
          infiniplex_staircase_pool, uniq_gastronok, uniq_harold

Notes
Turn   | Place    | Note
-------+----------+-------------------------------------------
     0 | D:1      | kae the Demonspawn Enchanter began the quest for the Orb.
     0 | D:1      | Reached XP level 1. HP: 13/13 MP: 3/3
     0 | D:1      | magus.rc [v1.11.3]
    48 | D:1      | Reached skill level 1 in Short Blades
    59 | D:1      | HP: 3/13 [jackal (1)]
   237 | D:1      | Gained mutation: Spells you cast may paralyse adjacent
                  | enemies. [demonic ancestry]
   237 | D:1      | Reached XP level 2. HP: 20/20 MP: 5/5
   240 | D:1      | Learned a level 2 spell: Ensorcelled Hibernation
   556 | D:1      | Reached skill level 3 in Stealth
   733 | D:1      | Reached XP level 3. HP: 11/25 MP: 1/6
  1031 | D:2      | Found the +4 robe of Augmentation {Str+4 Int+4 Dex+4}
  1188 | D:2      | You pick up a book of Fire and begin reading...
  1188 | D:2      | You add the spells Foxfire, Plasma Beam and Starburst to
                  | your library.
  1197 | D:2      | You pick up a book of Winter and begin reading...
  1197 | D:2      | You add the spells Ozocubu's Armour, Metabolic Englaciation
                  | and Simulacrum to your library.
  1203 | D:2      | You pick up a book of Minor Magic and begin reading...
  1203 | D:2      | You add the spells Magic Dart, Call Imp and Mephitic Cloud
                  | to your library.
  1312 | D:2      | Reached skill level 1 in Fighting
  1312 | D:2      | Reached skill level 1 in Ice Magic
  1312 | D:2      | Gained mutation: You are partially covered in sharp spines.
                  | [demonic ancestry]
  1312 | D:2      | Reached XP level 4. HP: 25/32 MP: 4/7
  1615 | D:3      | Found a shadowy altar of Dithmenos.
  1616 | D:3      | Found a basalt altar of Yredelemnul.
  1656 | D:3      | Became a worshipper of Dithmenos the Shadowed
  1978 | D:3      | You pick up a book of Dreams and begin reading...
  1978 | D:3      | You add the spells Jinxbite and Anguish to your library.
  2081 | D:3      | Reached skill level 2 in Short Blades
  2152 | D:3      | Noticed a kobold brigand
  2153 | D:3      | Noticed a kobold brigand
  2164 | D:3      | Killed a kobold brigand
  2165 | D:3      | Reached skill level 2 in Dodging
  2165 | D:3      | Gained mutation: Spells you cast may paralyse nearby
                  | enemies. [demonic ancestry]
  2165 | D:3      | Reached XP level 5. HP: 19/37 MP: 1/8
  2171 | D:3      | Reached skill level 1 in Armour
  2171 | D:3      | Gained mutation: You are mostly covered in sharp spines.
                  | [demonic ancestry]
  2171 | D:3      | Reached XP level 6. HP: 17/44 MP: 2/9
  2348 | D:3      | Identified the +6 scale mail of Duty {Rampage rF+ Will+}
  2356 | D:3      | Noticed Robin
  2363 | D:3      | Reached * piety under Dithmenos
  2369 | D:3      | Killed Robin
  2370 | D:3      | Reached skill level 2 in Ice Magic
  2575 | D:3      | Found a shimmering blue altar of Sif Muna.
  2583 | D:3      | Learned a level 3 spell: Confusing Touch
  2587 | D:3      | Learned a level 3 spell: Tukima's Dance
  2661 | D:4      | Found a radiant altar of Vehumet.
  2662 | D:4      | Noticed Grinder
  2751 | D:4      | Noticed Duvessa
  2773 | D:4      | Reached skill level 2 in Fighting
  2803 | D:4      | Reached skill level 4 in Stealth
  2864 | D:4      | Killed Grinder
  2865 | D:4      | Reached skill level 3 in Short Blades
  2865 | D:4      | Reached skill level 3 in Spellcasting
  2865 | D:4      | Reached XP level 7. HP: 40/51 MP: 9/11
  2877 | D:4      | Noticed Edmund
  2882 | D:4      | Found a staircase to the Ecumenical Temple.
  2886 | D:4      | Killed Edmund
  2887 | D:4      | Reached skill level 3 in Ice Magic
  2887 | D:4      | Found a sand-covered staircase.
  2895 | Ossuary  | Entered an ossuary
  2909 | Ossuary  | Reached ** piety under Dithmenos
  3259 | D:4      | Reached skill level 2 in Armour
  3268 | D:4      | Reached skill level 4 in Hexes
  3268 | D:4      | Gained mutation: You have a small tail. [demonic ancestry]
  3268 | D:4      | Reached XP level 8. HP: 57/57 MP: 12/12
  3471 | D:4      | Reached skill level 5 in Stealth
  3842 | D:4      | Noticed Dowan
  3887 | D:5      | Entered Level 5 of the Dungeon
  3892 | D:5      | Learned a level 3 spell: Dazzling Flash
  3895 | D:5      | Learned a level 2 spell: Jinxbite
  3917 | D:5      | Reached skill level 3 in Dodging
  3998 | D:5      | Identified the +8 chain mail of the Iron Devil {rElec
                  | Regen+}
  4023 | D:5      | Reached skill level 3 in Fighting
  4030 | D:5      | Reached skill level 4 in Short Blades
  4255 | D:5      | Reached skill level 4 in Ice Magic
  4300 | D:5      | Reached *** piety under Dithmenos
  4806 | D:6      | Found an opulent altar of Gozag.
  4904 | D:6      | Found an ornate altar of the Wu Jian Council.
  4957 | D:6      | Gained mutation: When seriously injured, your blood forms
                  | armour. (AC +9) [demonic ancestry]
  4957 | D:6      | Reached XP level 9. HP: 60/64 MP: 8/14
  5063 | D:6      | Reached skill level 4 in Spellcasting
  5153 | D:6      | Reached skill level 6 in Stealth
  5374 | D:6      | Noticed Eustachio
  5378 | D:6      | Killed Eustachio
  5379 | D:6      | Reached skill level 5 in Short Blades
  5614 | D:6      | Found Fuuwil's Assorted Antiques.
  5622 | D:6      | Bought a grey potion for 27 gold pieces
  5622 | D:6      | Bought a scroll of identify for 60 gold pieces
  6264 | D:7      | Reached skill level 5 in Ice Magic
  6407 | D:7      | Reached **** piety under Dithmenos
  6477 | D:7      | Reached skill level 4 in Fighting
  6839 | D:8      | Noticed a lindwurm
  6841 | D:8      | Found the necklace of Bloodlust {Fury *Rage Will++ Int-3
                  | Slay+6}
  6841 | D:8      | Noticed a lindwurm
  6848 | D:8      | Noticed a lindwurm
  6863 | D:8      | Noticed a lindwurm
  6888 | D:8      | Paralysed by a hornet for 1 turns
  6891 | D:8      | Reached skill level 4 in Dodging
  6891 | D:8      | Reached skill level 5 in Hexes
  6960 | D:8      | Noticed an orange demon
  6961 | D:8      | Noticed Amaemon
  7037 | D:8      | Killed Amaemon
  7038 | D:8      | Reached skill level 7 in Stealth
  7038 | D:8      | Gained mutation: When seriously injured, your blood forms
                  | thick armour. (AC +9) [demonic ancestry]
  7038 | D:8      | Reached XP level 10. HP: 19/73 MP: 7/16
  7038 | D:8      | HP: 16/73 [poisoned by Amaemon]
  7043 | D:8      | HP: 9/73 [poisoned by Amaemon]
  7223 | D:8      | Killed an orange demon
  7346 | D:8      | Reached skill level 6 in Short Blades
  7365 | D:8      | You add the spells Ignite Poison, Sticky Flame and Ignition
                  | to your library.
  7367 | D:8      | Found an ancient bone altar of Kikubaaqudgha.
  7457 | D:8      | Noticed Grum
  7478 | D:8      | Killed Grum
  7479 | D:8      | Reached skill level 6 in Ice Magic
  7655 | D:8      | Found a bloodstained altar of Trog.
  7658 | D:8      | Noticed an arcanist
  7663 | D:8      | Killed an arcanist
  7831 | D:9      | Noticed Maurice
  7831 | D:9      | Found a staircase to the Lair.
  7850 | D:9      | Killed Maurice
  7851 | D:9      | Reached skill level 5 in Spellcasting
  7857 | D:9      | Reached skill level 5 in Fighting
  8048 | D:9      | Reached skill level 8 in Stealth
  8049 | D:9      | Reached ***** piety under Dithmenos
  8455 | D:9      | Found a staircase to the Orcish Mines.
  8588 | D:9      | Reached XP level 11. HP: 80/80 MP: 17/19
  8680 | D:9      | Reached skill level 6 in Hexes
  8771 | D:9      | Reached skill level 7 in Short Blades
  8949 | D:10     | Entered Level 10 of the Dungeon
  8953 | D:10     | Reached skill level 5 in Dodging
  9026 | D:10     | You pick up a book of Unlife and begin reading...
  9026 | D:10     | You add the spells Animate Dead, Borgnjor's Vile Clutch and
                  | Death Channel to your library.
  9034 | D:10     | Reached skill level 7 in Ice Magic
  9059 | D:10     | Noticed Sonja
  9062 | D:10     | Killed Sonja
  9297 | D:10     | Found a burning altar of Makhleb.
  9298 | D:10     | Found a blossoming altar of Fedhas.
  9298 | D:10     | Found an iron altar of Okawaru.
  9299 | D:10     | Found a snail-covered altar of Cheibriados.
  9302 | D:10     | Found a shimmering altar of Xom.
  9303 | D:10     | Found a hazy altar of Hepliaklqana.
  9386 | D:10     | Found Axkek's Armour Shop.
  9945 | D:11     | Found a transporter.
  9949 | D:11     | Found a transporter.
  9951 | D:11     | Found a transporter.
 10025 | D:11     | Noticed a sixfirhy
 10027 | D:11     | Noticed a sun demon
 10355 | D:11     | Reached skill level 6 in Fighting
 10355 | D:11     | Reached skill level 9 in Stealth
 10962 | D:11     | Found a transporter.
 11085 | D:11     | Noticed a red ugly thing
 11128 | D:11     | Killed a red ugly thing
 11129 | D:11     | Reached skill level 6 in Spellcasting
 11373 | Lair:1   | Entered Level 1 of the Lair of Beasts
 11380 | Lair:1   | Found a transporter.
 11383 | Lair:1   | Identified the +0 robe of the Weak God {Contam Harm rElec
                  | Regen+}
 11405 | Lair:1   | Reached skill level 8 in Short Blades
 11416 | Lair:1   | Reached skill level 1 in Shields
 11416 | Lair:1   | Reached skill level 8 in Ice Magic
 11422 | Lair:1   | Reached ****** piety under Dithmenos
 11495 | Lair:1   | Reached skill level 1 in Invocations
 11579 | Lair:1   | Found a transporter.
 11784 | Lair:1   | Reached XP level 12. HP: 88/88 MP: 18/21
 11873 | Lair:1   | You add the spells Freeze, Alistair's Intoxication and
                  | Polar Vortex to your library.
 11873 | Lair:1   | Got the Information on the Chilled Cure
 11926 | Lair:1   | You pick up a book of Party Tricks and begin reading...
 12104 | Lair:1   | Reached skill level 2 in Shields
 12672 | Lair:1   | Reached skill level 2 in Invocations
 12873 | Lair:2   | Noticed Gastronok
 12900 | Lair:2   | Killed Gastronok
 12901 | Lair:2   | Reached skill level 7 in Hexes
 13146 | Lair:2   | Reached skill level 3 in Shields
 13197 | Lair:2   | Noticed Harold
 13206 | Lair:2   | Killed Harold
 13256 | Lair:2   | Reached skill level 3 in Armour
 13263 | Lair:2   | Reached skill level 3 in Invocations
 13275 | Lair:2   | Reached skill level 10 in Stealth
 13485 | Lair:2   | Noticed an eight-headed hydra
 13501 | Lair:2   | HP: 22/89 [eight-headed hydra (9)]
 13512 | Lair:2   | HP: 22/89 [eight-headed hydra (4)]
 13513 | Lair:2   | HP: 10/89 [eight-headed hydra (12)]
 13514 | Lair:2   | Slain by an eight-headed hydra

Vanquished Creatures
  Gastronok (Lair:2)
  Harold (Lair:2)
  Sonja (D:10)
  Amaemon (D:8)
  2 manticores (D:11)
  An ugly thing (D:11)
  A cyclops (D:11)
  Maurice (D:9)
  A black mamba (Lair:1)
  An orange demon (D:8)
  5 cane toads
  2 komodo dragons (Lair:1)
  6 kobold demonologists (D:11)
  2 trolls
  A queen bee (shapeshifter) (D:10)
  A polar bear (Lair:1)
  Grinder (D:4)
  3 hornets
  2 blink frogs (Lair:2)
  A wyvern (D:9)
  Grum (D:8)
  A golden eye (Lair:2)
  33 yaks
  A basilisk (Lair:2)
  Eustachio (D:6)
  3 vampire mosquitoes (D:11)
  3 steam dragons
  Edmund (D:4)
  2 wargs (D:9)
  6 water moccasins
  An acid dragon (D:10)
  6 orc warriors
  2 ogres
  8 wolves
  2 centaurs
  2 phantoms
  An elf zombie (Ossuary)
  5 bullfrogs
  9 kobold brigands
  6 scorpions
  13 wights
  5 killer bees (D:9)
  6 howler monkeys
  4 jellies
  2 gnoll boudas (D:6)
  A human zombie (Ossuary)
  5 orc priests
  6 hounds
  An iguana (D:6)
  5 hell rats (Lair:1)
  11 orc wizards
  A hound zombie (Ossuary)
  4 mummies (Ossuary)
  Robin (D:3)
  15 gnolls
  4 adders
  A white imp (D:5)
  A worm (D:3)
  A dart slug (D:1)
  78 orcs
  A bat (D:1)
  10 endoplasms
  3 giant cockroaches (D:1)
  A gnoll zombie (Ossuary)
  17 goblins
  8 hobgoblins
  5 jackals
  2 quokkas
  5 ball pythons
  2 frilled lizards
  A goblin zombie (Ossuary)
  3 jackal zombies (Ossuary)
  40 kobolds
  3 orc zombies (Ossuary)
  6 rats
  A rat zombie (Ossuary)
402 creatures vanquished.

Vanquished Creatures (others)
  An arcanist (D:8)
1 creature vanquished.

Grand Total: 403 creatures vanquished

Table legend:
 A = Non-vault XP
 B = Vault XP
 C = Vault XP percentage of total XP
 D = Non-vault monster count
 E = Vault monster count
 F = Vault count percentage of total count
                 A         B        C        D         E       F
            +---------+---------+-------+---------+---------+-------
      Total |   25906 |    7705 |  22.9 |     307 |      95 |  23.6
            +---------+---------+-------+---------+---------+-------
        D:1 |      45 |       0 |   0.0 |      24 |       0 |   0.0
        D:2 |      52 |       4 |   7.1 |       8 |       2 |  20.0
        D:3 |      75 |     239 |  76.1 |      15 |      22 |  59.5
        D:4 |     487 |     558 |  53.4 |      32 |       4 |  11.1
        D:5 |     788 |       0 |   0.0 |      17 |       0 |   0.0
        D:6 |     924 |     182 |  16.5 |      38 |       1 |   2.6
        D:7 |     635 |       0 |   0.0 |      16 |       0 |   0.0
        D:8 |     998 |    1628 |  62.0 |      21 |       5 |  19.2
        D:9 |    3036 |    1520 |  33.4 |      39 |      41 |  51.2
       D:10 |    1206 |     778 |  39.2 |       9 |       1 |  10.0
       D:11 |    5665 |       0 |   0.0 |      27 |       0 |   0.0
     Lair:1 |    6482 |       0 |   0.0 |      31 |       0 |   0.0
     Lair:2 |    5513 |    2555 |  31.7 |      30 |       3 |   9.1
    Ossuary |       0 |     241 | 100.0 |       0 |      16 | 100.0
            +---------+---------+-------+---------+---------+-------

Skill      XL: |  1  2  3  4  5  6  7  8  9 10 11 12 |
---------------+-------------------------------------+-----
Short Blades   | 1 2 3 4 5 6 8 |  8.9
Stealth        | 3 4 5 7 8 9 10 | 10.0
Fighting       | 1 2 3 4 5 6 |  6.7
Ice Magic      | 1 2 3 4 5 6 8 |  8.8
Dodging        | 2 3 4 5 |  5.0
Armour         | 1 2 3 |  3.1
Spellcasting   | 3 4 5 6 |  6.5
Hexes          | 4 5 6 7 |  7.1
Shields        | 1 3 |  3.5
Invocations    | 1 3 |  3.2

Action                     |  1- 3 |  4- 6 |  7- 9 | 10-12 || total
---------------------------+-------+-------+-------+-------++-------
  Melee: Dagger            |    88 |       |       |       ||    88
         Punch             |     1 |       |     1 |     1 ||     3
         Short sword       |    26 |   122 |   301 |   448 ||   897
         Tailslap          |       |       |    43 |    55 ||    98
   Cast: Ensorcelled Hiber |    10 |     8 |    23 |    65 ||   106
         Confusing Touch   |       |     1 |     6 |     5 ||    12
         Jinxbite          |       |       |     1 |       ||     1
  Evoke: Wand              |       |       |     1 |       ||     1
    Use: Scroll            |     2 |     6 |    14 |     9 ||    31
         Potion            |       |     1 |       |     4 ||     5
   Stab: Sleeping          |    11 |     7 |    19 |    78 ||   115
         Paralysed         |     4 |     5 |    16 |    53 ||    78
         Invisible         |       |     1 |       |     2 ||     3
         Confused          |       |     3 |     1 |     2 ||     6
         Distracted        |       |       |     2 |     2 ||     4
 Armour: Robe              |    63 |    38 |   110 |   173 ||   384
         Skin              |     2 |       |       |       ||     2
  Dodge: Dodged            |    59 |    44 |   146 |   285 ||   534
  Block: Other             |     3 |    19 |    45 |    43 ||   110
         Reflection        |     2 |       |     2 |     2 ||     6
         Buckler           |       |       |       |   129 ||   129

Illustrated notes

Table legend:
 A = Kills in this place as a percentage of kills in the entire game.
 B = Kills by you in this place as a percentage of kills by you in the entire game.
 C = Kills by friends in this place as a percentage of kills by friends in the entire game.
 D = Other kills in this place as a percentage of other kills in the entire game.
 E = Experience gained in this place as a percentage of experience gained in the entire game.
 F = Experience gained in this place divided by the number of levels of this place that you have seen.
                   A       B       C       D       E      F
               +-------+-------+-------+-------+-------+----------------------
         Total | 100.0 | 100.0 |   N/A |   N/A | 100.0 | 2400.8
       Dungeon |  80.1 |  80.1 |   N/A |   N/A |  56.0 | 1710.9
          Lair |  15.9 |  15.9 |   N/A |   N/A |  43.3 | 7275.0
       Ossuary |   4.0 |   4.0 |   N/A |   N/A |   0.7 | 241.0
               +-------+-------+-------+-------+-------+----------------------

Table legend: (Time is in decaauts)
 A = Elapsed time spent in this place.
 B = Non-inter-level travel time spent in this place.
 C = Inter-level travel time spent in this place.
 D = Time resting spent in this place.
 E = Time spent auto-exploring this place.
 F = Levels seen in this place.
 G = Mean time per level.
                   A        B        C        D        E       F      G
               +--------+--------+--------+--------+--------+-----+--------+
         Total |  13269 |  12858 |    411 |    471 |   9821 |  14 |  947.8 |
       Dungeon |  10912 |  10517 |    395 |    471 |   8024 |  11 |  992.0 |
          Lair |   2066 |   2051 |     15 |      0 |   1658 |   2 | 1033.0 |
       Ossuary |    290 |    290 |      0 |      0 |    139 |   1 |  290.0 |
               +--------+--------+--------+--------+--------+-----+--------+

Top non-repeatable levels by time:
    D:11: 1583 daAuts
  Lair:1: 1414 daAuts
     D:6: 1267 daAuts
     D:9: 1096 daAuts
     D:3: 1079 daAuts
     D:1: 988 daAuts
     D:4: 956 daAuts
     D:8: 951 daAuts
     D:7: 859 daAuts
     D:5: 811 daAuts
    D:10: 778 daAuts
  Lair:2: 651 daAuts
     D:2: 540 daAuts
 Ossuary: 290 daAuts
